 Dungeon Crawl Stone Soup version 0.27.0-1-g7a089689b8 (webtiles) character file.

Game seed: 3769409027657771545

303 tilp the Sneak (level 6, -1/33 HPs)
             Began as a Vampire Hunter on Aug 3, 2021.
             Was a Follower of Makhleb.
             Slain by a black bear (7 damage)
             ... on level 4 of the Dungeon.
             The game lasted 00:08:21 (4178 turns).

tilp the Sneak (Vampire Hunter)                     Turns: 4178, Time: 00:08:22

Health: -1/33      AC:  9    Str:  9 (13) XL:     6   Next: 15%
Magic:  6/6        EV: 11    Int: 10 (14) God:    Makhleb [*.....]
Gold:   174        SH:  0    Dex: 10 (14) Spells: 5/5 levels left

rFire    . . .     SeeInvis +   a - +0 short sword
rCold    + + .     Faith    .   (no shield)
rNeg     + + +     Spirit   .   f - +0 ring mail
rPois    ∞         Reflect  .   m - +2 helmet
rElec    .         Harm     .   i - +0 cloak
rCorr    .         Rampage  .   (no gloves)
Will     .....                  (no boots)
Stlth    ++++......             (no amulet)
HPRegen  0.00/turn              p - ring of flight
MPRegen  0.10/turn              (no ring)

@: flying, bloodless, inhibited regen
A: bloodless, fangs 3, see invisible, vampiric 2, [frail 1]
a: Bat Form, Revivify, Renounce Religion


You were on level 4 of the Dungeon.
You worshipped Makhleb.
Makhleb was aware of your devotion.
You visited 1 branch of the dungeon, and saw 5 of its levels.

You collected 174 gold pieces.

Inventory:

Hand Weapons
 a - a +0 short sword (weapon)
Missiles
 c - 5 javelins
 d - a throwing net
 o - 7 poisoned darts (quivered)
Armour
 f - a +0 ring mail (worn)
 i - a +0 cloak (worn)
 m - a +2 helmet (worn)
 n - a +0 chain mail
Magical Staves
 l - a staff of cold
Jewellery
 p - a ring of flight (left hand)
Scrolls
 h - a scroll of identify {unknown}
Potions
 b - 3 potions of flight {unknown}
 e - 4 potions of curing {unknown}
 g - 2 potions of heal wounds {unknown}
 j - a potion of degeneration {unknown}
 k - a potion of magic {unknown}


   Skills:
 + Level 3.6 Fighting
 - Level 3.2 Throwing
 + Level 4.3 Dodging
 - Level 6.0 Stealth


You had 5 spell levels left.
You didn't know any spells.
Your spell library was empty.

Dungeon Overview and Level Annotations

Branches:
Dungeon (5/15)             Temple (0/1) D:4

Altars:
Ashenzari
Makhleb

Shops:
D:2 [

Annotations:
D:2 1 runed translucent door, Crazy Yiuf
D:4 Natasha


Innate Abilities, Weirdness & Mutations

You do not regenerate when monsters are visible.
You are frail without blood (-20% HP).
You can heal yourself when you bite living creatures.
You are immune to poison.
You have razor-sharp teeth.
You have supernaturally acute eyesight. (SInv)
You are afflicted with vampirism and can become a bat while bloodless.
[You are frail. (-10% HP)]


Message History

The black bear claws you but does no damage. x2
You are too injured to fight recklessly!
Unknown command.
You hit the black bear.
The black bear is severely wounded.
The black bear closely misses you. The black bear claws you.
* * * LOW HITPOINT WARNING * * *
The black bear claws you.
* * * LOW HITPOINT WARNING * * *
Throw: 2 throwing nets
Press: ? - help, Shift-Dir - straight line, f - black bear
Aim: a black bear (severely wounded, 65% to hit)
You throw a throwing net. The throwing net hits the black bear.
The black bear is caught in the net!
The black bear is severely wounded.
The black bear struggles against the net.
You hit the black bear.
The black bear is severely wounded.
The black bear struggles against the net.
You hit the black bear.
The black bear is severely wounded.
The black bear struggles against the net.
You hit the black bear.
The black bear is almost dead.
The black bear goes berserk!
The black bear struggles against the net.
You hit the black bear.
The black bear is almost dead.
The black bear struggles against the net.
The net rips apart, and the black bear comes free!
You closely miss the black bear.
The black bear is almost dead.
The black bear bites you.
* * * LOW HITPOINT WARNING * * *
The black bear barely misses you. x2
Unknown command.
You hit the black bear.
The black bear is almost dead.
The black bear bites you!
You die...

...# # #.# #.#####.#
#.# ...#....# #.#
.>....# #.# ...#P##
#.# #.#### #.# P.P#
#.#
...###########.#h#
.#.............#@###
.####...########...##
........#...........#
..........########..#
#####..>#.# #..#
##).#.# #..# #..#.#
#..# #..#.# ###..#
#####..#.# #....#


You could see a black bear (berserk).

Vanquished Creatures
  A howler monkey (D:3)
  An orc priest (D:4)
  A centaur skeleton (D:4)
  Natasha (D:4)
  An orc wizard (D:3)
  A hound skeleton (D:4)
  4 gnolls (D:3)
  3 adders
  An adder skeleton (D:4)
  A dart slug (D:2)
  4 orcs
  6 ball pythons
  2 endoplasms (D:2)
  2 giant cockroaches
  10 goblins
  4 hobgoblins
  4 jackals (D:3)
  3 quokkas
  7 bats
  5 frilled lizards
  10 kobolds
  8 rats
80 creatures vanquished.

Vanquished Creatures (others)
  7 plants (D:4)
7 creatures vanquished.

Grand Total: 87 creatures vanquished

Notes
Turn   | Place    | Note
-------+----------+-------------------------------------------
     0 | D:1      | tilp the Vampire Hunter began the quest for the Orb.
     0 | D:1      | Reached XP level 1. HP: 16/16 MP: 1/1
    38 | D:1      | Reached skill level 2 in Stealth
   127 | D:1      | Reached skill level 3 in Stealth
   127 | D:1      | Reached XP level 2. HP: 19/22 MP: 2/2
   202 | D:1      | Found a faded altar of an unknown god.
   499 | D:1      | Reached skill level 4 in Stealth
   583 | D:2      | Found Buobriv's Armour Boutique.
   741 | D:2      | Gained mutation: You are afflicted with vampirism and can
                  | become a bat while bloodless. [Vampire growth]
   741 | D:2      | Reached XP level 3. HP: 27/27 MP: 3/3
   885 | D:2      | Found a burning altar of Makhleb.
   917 | D:2      | Became a worshipper of Makhleb the Destroyer
   983 | D:2      | Found a runed translucent door.
   984 | D:2      | Noticed Crazy Yiuf
  1723 | D:3      | Reached XP level 4. HP: 30/30 MP: 4/4
  2023 | D:3      | Reached skill level 5 in Stealth
  2353 | D:4      | Noticed Natasha
  2363 | D:4      | Killed Natasha
  2364 | D:4      | Reached XP level 5. HP: 35/36 MP: 5/5
  2369 | D:4      | Found a broken altar of Ashenzari.
  2468 | D:4      | Reached * piety under Makhleb
  2694 | D:3      | Reached skill level 6 in Stealth
  2888 | D:4      | Found a staircase to the Ecumenical Temple.
  2909 | D:5      | Entered Level 5 of the Dungeon
  3004 | D:4      | Noticed Natasha
  3568 | D:3      | Reached XP level 6. HP: 25/32 MP: 6/6
  3724 | D:4      | Noticed an orc warrior
  4178 | D:4      | Slain by a black bear

Illustrated notes

Levels and vault maps discovered:
D:1:      roderic_crossed_star, layout_basic, ebering_ecumenical_altar_box
D:2:      layout_basic, basic_altar, serial_shops, nicolae_shop_crystal,
          serial_park_tiny_1, serial_park_tiny_pond, uniq_crazy_yiuf_cottage
D:3:      layout_loops_cross
D:4:      layout_loops_ring, mainiacjoe_overflow_brackets,
          general_overflow_altar, minmay_temple_entry_gardened_gates,
          corexii_hall_statues_s, uniq_natasha, uniq_grinder
D:5:      layout_cave_pools

Skill      XL: |  1  2  3  4  5 |
---------------+----------------+-----
Stealth        | 3 4 5 6 |  6.0
Fighting       | 2 3 |  3.6
Dodging        | 3 4 |  4.3
Throwing       | |  3.2

Action                   |  1- 3 |  4- 6 || total
-------------------------+-------+-------++-------
Melee: Short sword       |   152 |   148 ||   300
       Bite              |    12 |    13 ||    25
Throw: Javelin           |     2 |     4 ||     6
       Dart              |       |     1 ||     1
       Throwing net      |       |     1 ||     1
 Abil: Bat Form          |     1 |     2 ||     3
       Exsanguinate      |     1 |     1 ||     2
       Revivify          |     1 |       ||     1
       End Transformatio |       |     2 ||     2
  Use: Scroll            |       |     4 ||     4
 Stab: Sleeping          |     3 |     3 ||     6
Armor: Leather armour    |     9 |       ||     9
       Ring mail         |    60 |    93 ||   153
Dodge: Dodged            |    79 |    78 ||   157
